 Dungeon Crawl Stone Soup version 0.31-a0-825-gf28bc0971e (webtiles) character file.

Game seed: 61848552426879824

351 qw the Shooter (level 6, 0/38 HPs)
             Began as a Gargoyle Hunter on Sept 23, 2023.
             Slain by an orc
             ... wielding a +1 whip of freezing
              (2 damage)
             ... on level 4 of the Dungeon.
             The game lasted 00:01:03 (2336 turns).

qw the Shooter (Gargoyle Hunter)                    Turns: 2336, Time: 00:01:03

Health: 0/38       AC:  9    Str: 15    XL:     6   Next: 61%
Magic:  6/6        EV: 11    Int:  9    God:
Gold:   145        SH:  0    Dex: 15    Spells: 5/5 levels left

rFire   . . .        Y - +1 shortbow (flame)
rCold   . . .        (shield currently unavailable)
rNeg    + . .        c - +0 leather armour
rPois   inf          a - +0 helmet
rElec   +            (no cloak)
rCorr   .            d - +0 pair of gloves
SInv    .            (no boots)
Will    .....        (no amulet)
Stlth   ++           (no ring)
HPRegen 0.26/turn    (no ring)
MPRegen 0.10/turn

%: no passive effects
@: no status effects
A: sickness immunity, AC +4, negative energy resistance 1, electricity
resistance, torment resistance 1, petrification resistance
a: no special abilities


You were on level 4 of the Dungeon.
You visited 1 branch of the dungeon, and saw 4 of its levels.

You collected 244 gold pieces.
You spent 99 gold pieces at shops.


Innate Abilities, Weirdness & Mutations

You are immune to sickness and miasma.
Your stone body is resilient. (AC +4)
You are immune to poison.
You resist negative energy. (rN+)
You are resistant to electric shocks. (rElec)
You are resistant to unholy torment.
You are immune to petrification.


   Skills:
 - Level 4.2 Fighting
 + Level 6.7 Ranged Weapons
 - Level 1.2 Armour
 - Level 1.5 Dodging
 - Level 1.1 Stealth


You had 5 spell levels left.
You didn't know any spells.
Your spell library was empty.

Inventory:

Hand Weapons
 Y - a +1 shortbow of flaming (weapon)
Armour
 a - a +0 helmet (worn)
 c - a +0 leather armour (worn)
 d - a +0 pair of gloves (worn)
Jewellery
 h - a ring of willpower
 m - a ring of wizardry
Scrolls
 f - 3 scrolls of identify
 k - a scroll of vulnerability {unknown}
 l - a scroll of revelation {unknown}
Potions
 e - a potion of mutation {unknown}
 g - a potion of enlightenment
 i - 5 potions of curing
 j - a potion of degeneration {unknown}

Dungeon Overview and Level Annotations

Branches:
Dungeon (4/15)
 Temple: D:4-7

Altars:
Elyvilon
Makhleb
Qazlal

Shops:
D:2 (!


Message History

The adder attacks as it pursues you! The adder bites you but does no damage.
There is an open door, spattered with blood here.
Things that are here:
a +0 mace; a +0 plate armour; an orc corpse You shoot an arrow.
The arrow hits the adder.
The arrow burns the adder.
The adder is moderately wounded.
The adder bites you. The adder misses you.
You shoot an arrow. The arrow barely misses the adder.
The arrow completely misses the orc.
The adder barely misses you. The orc hits you but does no damage.
You shoot an arrow. The arrow misses the adder.
The arrow closely misses the orc.
The adder bites you but does no damage. The orc hits you but does no damage.
The adder bites you but does no damage.
You shoot an arrow. The arrow hits the adder!
The arrow burns the adder.
You kill the adder!
The orc hits you with a +0 hand axe.
You shoot an arrow. The arrow barely misses the orc.
The orc hits you but does no damage. The orc hits you with a +0 hand axe.
You shoot an arrow. The arrow hits the orc.
The arrow burns the orc.
The orc is almost dead.
The orc closely misses you. The orc misses you.
You shoot an arrow. The arrow barely misses the orc.
The orc misses you. The orc hits you but does no damage.
You shoot an arrow. The arrow hits the orc!
The arrow burns the orc.
You kill the orc!
The orc hits you with a +1 whip of freezing.
The orc freezes you. The iguana bites you.
You shoot an arrow.
The arrow hits the iguana but does no damage.
The orc hits you but does no damage. The iguana bites you!
The orc hits you with a +1 whip of freezing.
The orc freezes you.
You shoot an arrow. The arrow barely misses the iguana.
The iguana closely misses you. The orc barely misses you.
You shoot an arrow.
The arrow hits the iguana but does no damage.
The iguana bites you!
The orc hits you with a +1 whip of freezing.
You die...

#### #######
######..## #......
### ##..##lg..#
#...... ##.#
#....@oB..# #......
...## #....##S.##
#......
.#..#########..###'#+
##......
.)......##..#'## .S#
#.##...#
.######.'....## ..lg
#....... ## ###....#
..... #.......
##########..##(..8..?
##.###.#
.........##+##:.B...$
## #.# .#######.#
##.....## #####.#


You could see a gnoll bouda, an iguana, an orc, a giant cockroach and a ball
python.

Vanquished Creatures
  An orc warrior (D:4)
  Ijyb (D:4)
  A sleepcap (D:4)
  Robin (D:2)
  10 adders
  A shadow imp (D:4)
  3 worms (D:2)
  2 dart slugs (D:1)
  2 orcs
  4 endoplasms
  2 giant cockroaches (D:1)
  17 goblins
  7 hobgoblins
  4 jackals
  3 quokkas
  4 ball pythons
  6 bats
  4 frilled lizards
  3 kobolds
  9 rats
85 creatures vanquished.

Notes
Turn   | Place    | Note
-------+----------+-------------------------------------------
     0 | D:1      | qw the Gargoyle Hunter began the quest for the Orb.
     0 | D:1      | Reached XP level 1. HP: 12/12 MP: 1/1
     0 | D:1      | 0 ||| qw: Version: 0.3-a-83-gcd0e7d8
     0 | D:1      | 0 ||| qw: Game counter: 1796
     0 | D:1      | 0 ||| qw: Melee chars always use a shield: true
     0 | D:1      | 0 ||| qw: God list: Okawaru
     0 | D:1      | 0 ||| qw: Allow faded altars: false
     0 | D:1      | 0 ||| qw: Do Orc after clearing Dungeon:15 true
     0 | D:1      | 0 ||| qw: Do second Lair branch before Depths: true
     0 | D:1      | 0 ||| qw: Lair rune preference: random
     0 | D:1      | 0 ||| qw: Goals: Normal
     0 | D:1      | 0 ||| PLANNING D:1-11
    40 | D:1      | Reached XP level 2. HP: 17/17 MP: 2/2
   381 | D:1      | Reached XP level 3. HP: 21/21 MP: 3/3
   619 | D:1      | 619 ||| UPGRADING to +0 pair of gloves.
   624 | D:1      | 624 ||| READING scroll labelled JYRRYICV ESKIT.
   625 | D:1      | 625 ||| READING scroll labelled LOEFAXTAM.
   626 | D:1      | 626 ||| READING scroll labelled BUJESI TELUG.
   627 | D:1      | 627 ||| READING scroll labelled WAME NIAVAAH.
   628 | D:1      | 628 ||| DRINKING 2 pink potions.
   629 | D:1      | 629 ||| DROPPING scroll of butterflies.
   630 | D:1      | 630 ||| DROPPING potion of brilliance.
   655 | D:2      | Found Zouwurph's Antique Weapon Shop.
   661 | D:2      | 661 ||| SHOPLISTING glowing triple crossbow (364 gold, have
                  | 30).
   665 | D:2      | Reached skill level 5 in Ranged Weapons
   675 | D:2      | Noticed Robin
   683 | D:2      | Killed Robin
   684 | D:2      | Reached skill level 3 in Fighting
   684 | D:2      | Reached XP level 4. HP: 28/28 MP: 4/4
   869 | D:2      | Found a faded altar of an unknown god.
   912 | D:2      | Found a stormy altar of Qazlal.
  1097 | D:2      | Found Izenal's Distillery.
  1107 | D:2      | 1107 ||| BUYING 3 potions of curing (99 gold).
  1107 | D:2      | Bought 3 potions of curing for 99 gold pieces
  1107 | D:2      | 1107 ||| SHOPLISTING potion of heal wounds (55 gold, have
                  | 5).
  1232 | D:2      | 1232 ||| UPGRADING to +0 helmet.
  1237 | D:2      | 1237 ||| READING scroll labelled TIUPRA QEN OJO.
  1279 | D:3      | Reached skill level 1 in Armour
  1376 | D:3      | Reached XP level 5. HP: 32/32 MP: 5/5
  1738 | D:3      | 1738 ||| READING scroll labelled IGGICA EFYU.
  1739 | D:3      | 1739 ||| DRINKING 2 silvery potions.
  1740 | D:3      | 1740 ||| READING 2 scrolls of identify.
  1740 | D:3      | 1740 ||| IDENTIFYING blue potion
  1847 | D:4      | Reached skill level 6 in Ranged Weapons
  1887 | D:4      | Found a burning altar of Makhleb.
  2036 | D:4      | Found a white marble altar of Elyvilon.
  2056 | D:4      | Noticed Ijyb
  2075 | D:4      | Killed Ijyb
  2076 | D:4      | Reached XP level 6. HP: 19/38 MP: 6/6
  2260 | D:4      | Noticed an orc warrior
  2270 | D:4      | HP: 8/38 [orc warrior/+0 mace (6)]
  2271 | D:4      | 2271 ||| DRINKING potion of heal wounds.
  2273 | D:4      | Killed an orc warrior
  2320 | D:4      | 2320 ||| RETREEAATING.
  2325 | D:4      | 2325 ||| Stepping ~*~*~tactically~*~*~ (retreating).
  2336 | D:4      | HP: 2/38 [iguana (9)]
  2336 | D:4      | Slain by an orc

Levels and vault maps discovered:
D:1:      wander_arrival_peaceful_grave, layout_loops_ring
D:2:      layout_loops_ring, ebering_ecumenical_altar_mist, basic_altar,
          serial_shops, shop, nicolae_shop_industrial_runoff, uniq_robin
D:3:      layout_basic
D:4:      minmay_bubble_buster, layout_rooms, lightli_temple_of_fire,
          elyvilon_altar_3, uniq_ijyb

Skill      XL: |  1  2  3  4  5 |
---------------+----------------+-----
Ranged Weapons | 5 6 |  6.7
Fighting       | 3 4 |  4.2
Armour         | 1 |  1.2
Dodging        | |  1.5
Stealth        | |  1.1

Action                     |  1- 3 |  4- 6 || total
---------------------------+-------+-------++-------
   Fire: Shortbow          |    75 |   169 ||   244
    Use: Scroll            |     4 |     3 ||     7
         Potion            |     1 |     2 ||     3
 Armour: Leather armour    |    12 |    75 ||    87
  Dodge: Dodged            |    13 |    60 ||    73

Table legend:
 A = Non-vault XP
 B = Vault XP
 C = Vault XP percentage of total XP
 D = Non-vault monster count
 E = Vault monster count
 F = Vault count percentage of total count
                 A         B        C        D         E       F
            +---------+---------+-------+---------+---------+-------
      Total |     258 |     244 |  48.6 |      66 |      19 |  22.4
            +---------+---------+-------+---------+---------+-------
        D:1 |      38 |       0 |   0.0 |      22 |       0 |   0.0
        D:2 |      49 |      34 |  41.0 |      18 |      11 |  37.9
        D:3 |      85 |       0 |   0.0 |      17 |       0 |   0.0
        D:4 |      86 |     210 |  70.9 |       9 |       8 |  47.1
            +---------+---------+-------+---------+---------+-------
